Map: Mech Depot LE

Players

ShoWTimE

  • Race: Protoss Protoss
  • Spawn Location: 7:00

Kelazhur - Winner!

  • Race: Terran Terran
  • Spawn Location: 1:00

Event: WCS Montreal 2017

VOD

Have the link to the VOD?

Description

Time

  • Played on: Sept. 9, 2017, 1:59 p.m.
  • Length: 7:23

All games in this series

Show
View Real Time Build Order
Export as new Build Order

ShoWTimE Protoss 

Build Orders: 1 Gate Expand, Oracle Opening 

Get SALT Encoding   

  12  0:00  Probe (Chrono Boost)  
  13  0:11  Probe (Chrono Boost)  
  14  0:17  Pylon  
  14  0:22  Probe (Chrono Boost)  
  15  0:35  Probe (Chrono Boost)  
  16  0:36  Gateway  
  16  0:43  Assimilator  
  16  0:45  Probe (Chrono Boost)  
  17  0:56  Probe (Chrono Boost)  
  18  1:07  Probe (Chrono Boost)  
  19  1:21  Nexus  
  19  1:30  Cybernetics Core  
  19  1:33  Probe (Chrono Boost)  
  19  1:38  Assimilator  
  20  1:44  Probe (Chrono Boost)  
  21  1:50  Pylon  
  21  1:54  Probe (Chrono Boost)  
  22  2:05  Probe (Chrono Boost)  
  22  2:08  Adept (Chrono Boost)  
  25  2:14  Stargate  
  25  2:17  Probe  
  25  2:22  Warp Gate  
  27  2:30  Probe  
  27  2:31  Probe  
  28  2:38  Adept (Chrono Boost)  
  28  2:42  Probe x2  
  32  2:52  Probe  
  32  2:54  Probe  
  32  2:58  Oracle (Chrono Boost)  
  34  3:03  Probe  
  38  3:06  Probe, Pylon  
  39  3:13  Probe  
  39  3:18  Probe  
  41  3:20  Gateway  
  41  3:24  Probe  
  42  3:30  Probe  
  42  3:32  Oracle (Chrono Boost)  
  46  3:34  Probe  
  47  3:42  Probe  
  47  3:45  Probe  
  49  3:52  Nexus  
  49  3:54  Probe  
  50  3:55  Probe  
  47  4:05  Mothership Core, Phoenix (Chrono Boost)  
  47  4:06  Probe, Pylon  
  52  4:19  Probe  
  53  4:24  Pylon  
  53  4:28  Probe, Phoenix (Chrono Boost)  
  55  4:35  Probe  
  55  4:43  Twilight Council  
  55  4:44  Probe  
  55  4:53  Forge  
  55  4:54  Assimilator, Probe  
  55  4:59  Probe, Assimilator  
  56  5:04  Probe  
  58  5:08  Phoenix (Chrono Boost)  
  58  5:12  Probe  
  58  5:13  Probe  
  61  5:17  Probe  
  63  5:22  Robotics Facility  
  63  5:24  Probe  
  63  5:27  Photon Cannon  
  63  5:28  Probe  
  64  5:29  Photon Cannon  
  64  5:35  Phoenix (Chrono Boost)  
  66  5:36  Probe  
  66  5:38  Resonating Glaives (Chrono Boost)  
  66  5:39  Probe  
  66  5:42  Probe  
  68  5:49  Probe  
  70  5:51  Probe  
  70  5:53  Probe  
  72  6:00  Phoenix  
  72  6:02  Probe  
  75  6:06  Gateway  
  75  6:07  Gateway  
  75  6:11  Observer (Chrono Boost)  
  76  6:15  Gateway  
  76  6:17  Gateway  
  76  6:25  Phoenix  
  78  6:30  Adept  
  78  6:31  Adept  
  82  6:36  Probe x2  
  82  6:38  Pylon  
  82  6:39  Probe  
  85  6:47  Pylon  
  85  6:56  Pylon  
  85  6:57  Pylon  
  85  7:00  Gateway  
  76  7:09  Pylon  
  76  7:11  Pylon  
Show
View Real Time Build Order
Export as new Build Order

Kelazhur Terran - Winner!

Build Orders: Gas First Reaper Expand, Liberator Opening, Reaper Expand, MMM Bio 

Get SALT Encoding   

  12  0:00  SCV  
  13  0:13  SCV  
  14  0:17  Supply Depot  
  14  0:25  SCV  
  14  0:28  Refinery  
  15  0:38  SCV  
  16  0:44  Barracks  
  16  0:50  SCV  
  17  1:02  SCV  
  18  1:15  SCV  
  19  1:32  Orbital Command, Reaper  
  20  1:43  Command Center  
  20  1:58  Factory  
  20  1:59  SCV  
  21  2:05  Barracks Reactor  
  21  2:11  SCV  
  21  2:13  Refinery  
  22  2:19  Supply Depot  
  22  2:23  SCV  
  23  2:40  SCV  
  23  2:42  Starport  
  23  2:43  Marine x2  
  26  2:47  Widow Mine  
  28  2:52  SCV  
  29  3:01  Orbital Command, Liberator  
  29  3:02  Marine x2  
  31  3:06  SCV  
  32  3:15  Widow Mine  
  37  3:20  SCV  
  37  3:24  Marine x2  
  40  3:28  SCV  
  40  3:34  SCV  
  42  3:37  Supply Depot  
  42  3:40  SCV  
  42  3:43  Marine x2  
  42  3:46  SCV  
  45  3:52  SCV  
  45  3:53  Barracks  
  46  3:58  SCV  
  46  4:00  Marine  
  46  4:01  Marine  
  49  4:04  SCV  
  50  4:11  Factory Tech Lab  
  50  4:14  Barracks, SCV  
  51  4:18  Supply Depot, SCV  
  52  4:24  Marine x2  
  54  4:37  Engineering Bay  
  54  4:39  SCV x2  
  54  4:40  Factory Tech Lab, Supply Depot  
  54  4:43  Marine x2  
  55  4:50  Marine  
  55  4:51  Stimpack, SCV x2  
  58  4:55  Supply Depot  
  58  5:03  SCV x2  
  58  5:04  Terran Infantry Weapons Level 1  
  58  5:05  Missile Turret  
  58  5:06  Factory Reactor  
  58  5:07  Marine x2  
  58  5:09  Marine  
  58  5:10  Marine  
  58  5:11  Combat Shields  
  62  5:16  SCV x2  
  64  5:24  Marine x2  
  64  5:27  Marine  
  64  5:28  SCV x2  
  69  5:29  Marine  
  69  5:33  Supply Depot  
  70  5:37  Supply Depot  
  70  5:40  SCV x2  
  72  5:46  Marine x2  
  72  5:47  Medivac x2  
  78  5:54  Widow Mine  
  78  5:55  Supply Depot, SCV, Marauder x2  
  83  5:58  Command Center  
  83  6:02  SCV  
  84  6:05  Marine x2  
  84  6:07  SCV  
  84  6:08  Missile Turret  
  87  6:16  SCV  
  87  6:17  Barracks  
  87  6:18  Barracks, Refinery  
  88  6:19  SCV  
  88  6:21  Marine x2  
  88  6:23  Marine x2  
  90  6:28  SCV  
  88  6:32  SCV  
  88  6:36  Factory Reactor  
  88  6:39  Marine x2  
  89  6:40  SCV  
  89  6:41  Marine  
  89  6:42  Missile Turret  
  89  6:43  Supply Depot  
  89  6:44  Refinery  
  91  6:54  SCV  
  91  6:55  Marine  
  91  6:57  Marine, Marauder  
  97  7:05  Supply Depot, SCV  
  97  7:06  SCV  
  99  7:11  Supply Depot, Barracks Reactor, Barracks Tech Lab  
Tags
 
Add a new tag
Caveats
  • Supply blocks, unpowered buildings, or Contaminate may cause inaccurate times.
  • Supply counts are checked every 10 seconds.